SAA
LANCASTER FARMERS @ WESTWOOD SIXSHOOTERS
08/31/2029
 
TOP OF THE 1ST
Lancaster Farmers batting - Pitching for Westwood Sixshooters : RHP Ray Mangas
Pitching: RHP Ray Mangas
Batting: SHB Robert La Caze 0-0: Ball
1-0: Ball
2-0: SINGLE (Groundball, 6MD)
Batting: RHB Woodrow Terrebonne 0-0: Ball
1-0: Grounds into double play, 5-4-3 (Groundball, 5L)
Batting: LHB Tullu Amaad 0-0: Ground out U3 (Groundball, 3L)
Top of the 1st over - 0 runs, 1 hit, 0 errors, 0 left on base; Lancaster 0 - Westwood 0
BOTTOM OF THE 1ST
Westwood Sixshooters batting - Pitching for Lancaster Farmers : RHP Daniel Nelson
Pitching: RHP Daniel Nelson
Batting: LHB Mitchell Cusimano 0-0: Fly out, F7 (Flyball, 7)
Batting: RHB Jesús Ruano 0-0: Foul Ball, location: 2F
0-1: Ball
1-1: Swinging Strike
1-2: Strikes out looking
Batting: LHB Bob Daugherty 0-0: Ball
1-0: Swinging Strike
1-1: Swinging Strike
1-2: Ball
2-2: Ball
3-2: Foul Ball, location: 2F
3-2: Fly out, F7 (Flyball, 7S)
Bottom of the 1st over - 0 runs, 0 hits, 0 errors, 0 left on base; Lancaster 0 - Westwood 0
TOP OF THE 2ND
Lancaster Farmers batting - Pitching for Westwood Sixshooters : RHP Ray Mangas
Batting: RHB Gabe Cain 0-0: SINGLE (Groundball, 4MD)
Batting: LHB Carlos Germán 0-0: Ball
1-0: Ball
Wild Pitch!
Gabe Cain to second
2-0: Ball
3-0: Called Strike
3-1: Foul Ball, location: 2F
3-2: Foul Ball, location: 2F
3-2: Base on Balls
Batting: RHB Cosmo Castanhedo 0-0: Called Strike
0-1: Ball
1-1: Foul Ball, location: 2F
1-2: Fly out, F8 (Flyball, 8LS)
Batting: LHB Mark Armstead 0-0: Called Strike
0-1: Swinging Strike
0-2: Ball
1-2: Foul Ball, location: 2F
1-2: Ball
2-2: Ball
3-2: Foul Ball, location: 2F
3-2: Fielders Choice at 2nd, 1-4 (Groundball, 15S)
Gabe Cain to third
Batting: SHB Sven Spee 0-0: Foul Ball, location: 2F
0-1: Ball
1-1: Foul Ball, location: 2F
1-2: Ball
2-2: Foul Ball, location: 2F
2-2: Ball
3-2: Base on Balls
Mark Armstead to second
Batting: RHB Juan Pedraza 0-0: Called Strike
0-1: Ball
1-1: Ball
2-1: DOUBLE (Line Drive, 7D)
Gabe Cain scores
Mark Armstead scores
Sven Spee to third
Runner from 3rd tries for Home, SAFE, no throw
Batting: SHB Robert La Caze 0-0: Ball
1-0: Foul Ball, location: 2F
1-1: Ball
2-1: Ball
3-1: Foul Ball, location: 2F
3-2: Fly out, F8 (Flyball, 8RD)
Top of the 2nd over - 3 runs, 2 hits, 0 errors, 1 left on base; Lancaster 3 - Westwood 0
BOTTOM OF THE 2ND
Westwood Sixshooters batting - Pitching for Lancaster Farmers : RHP Daniel Nelson
Batting: RHB Richard Cutshall 0-0: Swinging Strike
0-1: Foul Ball, location: 2F
0-2: Strikes out swinging
Batting: LHB Phil Minor 0-0: Called Strike
0-1: Foul Ball, location: 2F
0-2: Ball
1-2: Strikes out swinging
Batting: LHB José Vázquez 0-0: Ground out 6-3 (Groundball, 6M)
Bottom of the 2nd over - 0 runs, 0 hits, 0 errors, 0 left on base; Lancaster 3 - Westwood 0
TOP OF THE 3RD
Lancaster Farmers batting - Pitching for Westwood Sixshooters : RHP Ray Mangas
Batting: RHB Woodrow Terrebonne 0-0: Ball
1-0: SINGLE (Line Drive, 34D)
Batting: LHB Tullu Amaad 0-0: Ball
1-0: Called Strike
1-1: Foul Ball, location: 2F
1-2: Grounds into double play, 6-4-3 (Groundball, 56)
Batting: RHB Gabe Cain 0-0: Called Strike
0-1: Foul Ball, location: 2F
0-2: Strikes out swinging
Top of the 3rd over - 0 runs, 1 hit, 0 errors, 0 left on base; Lancaster 3 - Westwood 0
BOTTOM OF THE 3RD
Westwood Sixshooters batting - Pitching for Lancaster Farmers : RHP Daniel Nelson
Batting: SHB Arsenio Sameiro 0-0: Foul Ball, location: 2F
0-1: SINGLE (Groundball, 34S) (infield hit)
Batting: RHB Nick Hoskins 0-0: Ball
1-0: Foul Ball, location: 2F
1-1: Ball
2-1: Fly out, F9 (Flyball, 9)
Batting: LHB José Martínez 0-0: Foul Ball, location: 2F
0-1: Foul Ball, location: 2F
0-2: Ball
1-2: SINGLE (Groundball, 56D)
Arsenio Sameiro to second
Batting: LHB Mitchell Cusimano 0-0: Ball
1-0: Ball
2-0: Ball
3-0: Base on Balls
Arsenio Sameiro to third
José Martínez to second
Batting: RHB Jesús Ruano 0-0: Ball
1-0: SINGLE (Flyball, 8LS)
Arsenio Sameiro scores
José Martínez to third
Mitchell Cusimano to second
Batting: LHB Bob Daugherty 0-0: Ball
1-0: Ball
2-0: Foul Ball, location: 2F
2-1: Foul Ball, location: 2F
2-2: Ball
3-2: Fielders Choice at 2nd, 4-6 (Groundball, 34)
José Martínez scores
Mitchell Cusimano to third
Batting: RHB Richard Cutshall 0-0: Foul Ball, location: 2F
0-1: Ball
1-1: Foul Ball, location: 2F
1-2: Ball
2-2: Strikes out looking
Bottom of the 3rd over - 2 runs, 3 hits, 0 errors, 2 left on base; Lancaster 3 - Westwood 2
TOP OF THE 4TH
Lancaster Farmers batting - Pitching for Westwood Sixshooters : RHP Ray Mangas
Batting: LHB Carlos Germán 0-0: Called Strike
0-1: Ball
1-1: SINGLE (Line Drive, 89S)
Batting: RHB Cosmo Castanhedo 0-0: Ball
1-0: Called Strike
1-1: Ball
2-1: Grounds into double play, 4-6-3 (Groundball, 4)
Batting: LHB Mark Armstead 0-0: Foul Ball, location: 2F
0-1: Ground out U3 (Groundball, 34S)
Top of the 4th over - 0 runs, 1 hit, 0 errors, 0 left on base; Lancaster 3 - Westwood 2
BOTTOM OF THE 4TH
Westwood Sixshooters batting - Pitching for Lancaster Farmers : RHP Daniel Nelson
Batting: LHB Phil Minor 0-0: Fly out, F7 (Flyball, 7LS)
Batting: LHB José Vázquez 0-0: Fly out, F8 (Flyball, 8LD)
Batting: SHB Arsenio Sameiro 0-0: Ground out 5-3 (Groundball, 5L)
Bottom of the 4th over - 0 runs, 0 hits, 0 errors, 0 left on base; Lancaster 3 - Westwood 2
TOP OF THE 5TH
Lancaster Farmers batting - Pitching for Westwood Sixshooters : RHP Ray Mangas
Batting: SHB Sven Spee 0-0: Ball
1-0: Called Strike
1-1: Ball
2-1: Swinging Strike
2-2: Ball
3-2: Foul Ball, location: 2F
3-2: Ground out U3 (Groundball, 3)
Batting: RHB Juan Pedraza 0-0: Ball
1-0: Ball
2-0: Foul Ball, location: 2F
2-1: Ball
3-1: Swinging Strike
3-2: Strikes out looking
Batting: SHB Robert La Caze 0-0: Ball
1-0: Foul Ball, location: 2F
1-1: Ground out 6-3 (Groundball, 6M)
Top of the 5th over - 0 runs, 0 hits, 0 errors, 0 left on base; Lancaster 3 - Westwood 2
BOTTOM OF THE 5TH
Westwood Sixshooters batting - Pitching for Lancaster Farmers : RHP Daniel Nelson
Batting: RHB Nick Hoskins 0-0: Called Strike
0-1: Called Strike
0-2: Ball
1-2: Ball
2-2: Fly out, F7 (Flyball, 7S)
Batting: LHB José Martínez 0-0: Swinging Strike
0-1: Ball
1-1: Called Strike
1-2: Ball
2-2: Foul Ball, location: 2F
2-2: Ball
3-2: Foul Ball, location: 2F
3-2: Ground out 2-3 (Groundball, 2R)
Batting: LHB Mitchell Cusimano 0-0: Ball
1-0: Called Strike
1-1: Ball
2-1: Foul Ball, location: 2F
2-2: Ball
3-2: Strikes out swinging
Bottom of the 5th over - 0 runs, 0 hits, 0 errors, 0 left on base; Lancaster 3 - Westwood 2
TOP OF THE 6TH
Lancaster Farmers batting - Pitching for Westwood Sixshooters : RHP Ray Mangas
Batting: RHB Woodrow Terrebonne 0-0: Ball
1-0: Swinging Strike
1-1: Fly out, F8 (Flyball, 89D)
Pitching: RHP Raúl Colón
Batting: LHB Tullu Amaad 0-0: Ball
1-0: Fly out, F3 (Line Drive, 3)
Batting: RHB Gabe Cain 0-0: Called Strike
0-1: Ball
1-1: Swinging Strike
1-2: Ball
2-2: Foul Ball, location: 2F
2-2: Strikes out looking
Top of the 6th over - 0 runs, 0 hits, 0 errors, 0 left on base; Lancaster 3 - Westwood 2
BOTTOM OF THE 6TH
Westwood Sixshooters batting - Pitching for Lancaster Farmers : RHP Daniel Nelson
Batting: RHB Jesús Ruano 0-0: Called Strike
0-1: Foul Ball, location: 2F
0-2: Ground out 5-3 (Groundball, 56S)
Batting: LHB Bob Daugherty 0-0: Foul Ball, location: 2F
0-1: Ground out 1-3 (Groundball, P)
Batting: RHB Richard Cutshall 0-0: Ball
1-0: Ball
2-0: Swinging Strike
2-1: Foul Ball, location: 2F
2-2: Strikes out swinging
Bottom of the 6th over - 0 runs, 0 hits, 0 errors, 0 left on base; Lancaster 3 - Westwood 2
TOP OF THE 7TH
Lancaster Farmers batting - Pitching for Westwood Sixshooters : RHP Raúl Colón
Batting: LHB Carlos Germán 0-0: Called Strike
0-1: Swinging Strike
0-2: Foul Ball, location: 2F
0-2: Strikes out looking
Batting: RHB Cosmo Castanhedo 0-0: Foul Ball, location: 2F
0-1: Swinging Strike
0-2: Ball
1-2: Foul Ball, location: 2F
1-2: Foul Ball, location: 2F
1-2: Foul Ball, location: 2F
1-2: Foul Ball, location: 2F
1-2: Ground out 6-3 (Groundball, 6)
Batting: LHB Mark Armstead 0-0: Ball
1-0: Foul Ball, location: 2F
1-1: Ball
2-1: Ball
3-1: SINGLE (Groundball, 34D)
Pinch Hitting: LHB Pancho Farías 0-0: Ball
1-0: Fly out, F9 (Line Drive, 9D)
Top of the 7th over - 0 runs, 1 hit, 0 errors, 1 left on base; Lancaster 3 - Westwood 2
BOTTOM OF THE 7TH
Westwood Sixshooters batting - Pitching for Lancaster Farmers : RHP Daniel Nelson
Now at 3B: Pancho Farías
Batting: LHB Phil Minor 0-0: Fly out, F4 (Popup, 34D)
Batting: LHB José Vázquez 0-0: Foul Ball, location: 2F
0-1: Called Strike
0-2: Ball
1-2: Ball
2-2: Foul Ball, location: 2F
2-2: Strikes out looking
Batting: SHB Arsenio Sameiro 0-0: Swinging Strike
0-1: Swinging Strike
0-2: Ball
1-2: Ball
2-2: Foul Ball, location: 2F
2-2: Ball
3-2: Base on Balls
Pinch Hitting: LHB Sisto Pagnamenta 0-0: Ball
1-0: Ball
2-0: Foul Ball, location: 2F
2-1: Ball
3-1: Base on Balls
Arsenio Sameiro to second
Batting: LHB José Martínez 0-0: Foul Ball, location: 2F
0-1: Ball
1-1: Ball
2-1: Foul Ball, location: 2F
2-2: SINGLE (Flyball, 89M)
Arsenio Sameiro to third
Sisto Pagnamenta to second
Runner from 3rd tries for Home, SAFE, no throw
Batting: LHB Mitchell Cusimano 0-0: Called Strike
0-1: Called Strike
0-2: Fielders Choice at 2nd, 6-4 (Groundball, 6)
Bottom of the 7th over - 1 run, 1 hit, 0 errors, 2 left on base; Lancaster 3 - Westwood 3
TOP OF THE 8TH
Lancaster Farmers batting - Pitching for Westwood Sixshooters : RHP Raúl Colón
Now at 1B: Sisto Pagnamenta
Batting: RHB Juan Pedraza 0-0: Ball
1-0: Called Strike
1-1: DOUBLE (Line Drive, 9LM)
Batting: SHB Robert La Caze 0-0: Called Strike
0-1: Foul Ball, location: 2F
0-2: Ball
1-2: Ground out 5-3 (Groundball, 56)
Batting: RHB Woodrow Terrebonne 0-0: Ball
1-0: Ground out 5-3 (Groundball, 56)
Batting: LHB Tullu Amaad 0-0: Intentional Walk
Batting: RHB Gabe Cain 0-0: Called Strike
0-1: Ground out 4-3 (Groundball, 4S)
Top of the 8th over - 0 runs, 1 hit, 0 errors, 2 left on base; Lancaster 3 - Westwood 3
BOTTOM OF THE 8TH
Westwood Sixshooters batting - Pitching for Lancaster Farmers : RHP Daniel Nelson
Pinch Hitting: SHB Ramón García 0-0: DOUBLE (Flyball, 8RXD)
Batting: LHB Bob Daugherty 0-0: Foul Ball, location: 2F
0-1: Ball
1-1: Ground out U3 (Groundball, 3L)
Ramón García to third
Pitching: LHP Terence Pasamonte
Batting: RHB Richard Cutshall 0-0: Intentional Walk
Pinch Hitting: RHB Steve Bock 0-0: Ball
Richard Cutshall is caught stealing 2nd base
1-0: SINGLE (Groundball, 6MD)
Ramón García scores
Pinch Hitting: RHB Eugene Parkinson 0-0: SINGLE (Line Drive, 6M)
Steve Bock to second
Batting: SHB Arsenio Sameiro 0-0: Called Strike
0-1: Ball
1-1: Ball
2-1: Ball
3-1: Ground out 1-3 (Groundball, P)
Bottom of the 8th over - 1 run, 3 hits, 0 errors, 2 left on base; Lancaster 3 - Westwood 4
TOP OF THE 9TH
Lancaster Farmers batting - Pitching for Westwood Sixshooters : RHP Raúl Colón
Pitching: RHP Alfonso Santa Maria
Now at 3B: Simone Catalani
Now at SS: Steve Bock
Now in LF: Jim Schlossnagle
Batting: LHB Carlos Germán 0-0: Swinging Strike
0-1: Foul Ball, location: 2F
0-2: Strikes out swinging, 2-3 out at first.
Batting: RHB Cosmo Castanhedo 0-0: Called Strike
0-1: Swinging Strike
0-2: Foul Ball, location: 2F
0-2: Ground out 4-3 (Groundball, 4)
Batting: LHB Mark Armstead 0-0: Foul Ball, location: 2F
0-1: Ball
1-1: Ball
2-1: Foul Ball, location: 2F
2-2: Ball
3-2: Foul Ball, location: 2F
3-2: DOUBLE (Line Drive, 8LXD)
Batting: LHB Pancho Farías 0-0: DOUBLE (Flyball, 8RXD)
Mark Armstead scores
Batting: RHB Juan Pedraza 0-0: Called Strike
0-1: Ball
1-1: Ball
2-1: Reached via error on a dropped throw, E3
Pancho Farías to third
Batting: SHB Robert La Caze 0-0: Fly out, F4 (Popup, 4)
Top of the 9th over - 1 run, 2 hits, 1 error, 2 left on base; Lancaster 4 - Westwood 4
BOTTOM OF THE 9TH
Westwood Sixshooters batting - Pitching for Lancaster Farmers : LHP Terence Pasamonte
Pitching: RHP Raúl Nieto
Batting: LHB Sisto Pagnamenta 0-0: Ball
1-0: Foul Ball, location: 2F
1-1: Called Strike
1-2: Foul Ball, location: 2F
1-2: Ball
2-2: Strikes out swinging
Batting: LHB José Martínez 0-0: Called Strike
0-1: Ball
1-1: Ball
2-1: SINGLE (Flyball, 8RS)
Pinch Runner at 1st Manny Flores:
Batting: LHB Mitchell Cusimano 0-0: Called Strike
0-1: Fielders Choice at 2nd, 6-4 (Groundball, 6)
Batting: RHB Simone Catalani 0-0: Called Strike
Mitchell Cusimano steals 2nd base
0-1: Swinging Strike
0-2: Ball
1-2: Foul Ball, location: 2F
1-2: Ball
2-2: Foul Ball, location: 2F
2-2: Strikes out swinging
Bottom of the 9th over - 0 runs, 1 hit, 0 errors, 1 left on base; Lancaster 4 - Westwood 4
TOP OF THE 10TH
Lancaster Farmers batting - Pitching for Westwood Sixshooters : RHP Alfonso Santa Maria
Now in RF: Leo Shoemaker
Batting: RHB Woodrow Terrebonne 0-0: Called Strike
0-1: Ball
1-1: Fly out, F9 (Flyball, 9S)
Batting: LHB Tullu Amaad 0-0: SINGLE (Groundball, 34D)
Pinch Runner at 1st Danijel van Aalten:
Batting: RHB Gabe Cain 0-0: Foul Ball, location: 2F
0-1: Swinging Strike
0-2: SINGLE (Flyball, 8RS)
Danijel van Aalten to second
Runner from 2nd tries for 3rd, SAFE, no throw
Batting: LHB Carlos Germán 0-0: Ball
1-0: Ball
2-0: Ball
3-0: Called Strike
3-1: Foul Ball, location: 2F
3-2: 3-RUN HOME RUN (Flyball, 89XD), Distance : 426 ft
Pitching: RHP Kevin Samuels
Batting: RHB Cosmo Castanhedo 0-0: Ball
1-0: Called Strike
1-1: Ball
2-1: Ball
3-1: Foul Ball, location: 2F
3-2: Base on Balls
Batting: LHB Mark Armstead 0-0: Ball
1-0: Ball
2-0: Called Strike
2-1: Called Strike
2-2: Fly out, F4 (Flyball, 34D)
Batting: LHB Pancho Farías 0-0: Fly out, F8 (Flyball, 8LM)
Top of the 10th over - 3 runs, 3 hits, 0 errors, 1 left on base; Lancaster 7 - Westwood 4
BOTTOM OF THE 10TH
Westwood Sixshooters batting - Pitching for Lancaster Farmers : RHP Raúl Nieto
Now at C: Pedro Torres
Batting: LHB Bob Daugherty 0-0: Ball
1-0: Called Strike
1-1: Foul Ball, location: 2F
1-2: Foul Ball, location: 2F
1-2: Ball
2-2: Fly out, F9 (Flyball, 9S)
Batting: RHB Richard Cutshall 0-0: Called Strike
0-1: Ball
1-1: Ball
2-1: Ground out 6-3 (Groundball, 6)
Batting: RHB Steve Bock 0-0: Ball
1-0: Foul Ball, location: 2F
1-1: Called Strike
1-2: Ball
2-2: DOUBLE (Flyball, 89D)
Batting: LHB Jim Schlossnagle 0-0: Called Strike
0-1: Ball
1-1: Fly out, F9 (Line Drive, 9)
Bottom of the 10th over - 0 runs, 1 hit, 0 errors, 1 left on base; Lancaster 7 - Westwood 4
Tuesday, December 19th, 2017 - OOTP Baseball 18.8 Build 76